 Dungeon Crawl Stone Soup version 0.27-a0-661-gca034ae587 (webtiles) character file.

Game seed: 14639493487306873792

37 Johnny the Digger (level 3, -9/20 HPs)
             Began as a Deep Elf Earth Elementalist on Mar 17, 2021.
             Mangled by Sigmund
             ... wielding a +0 scythe
              (14 damage)
             ... on level 2 of the Dungeon.
             The game lasted 00:01:46 (1988 turns).

Johnny the Digger (Deep Elf Earth Elementalist)     Turns: 1988, Time: 00:01:47

Health: -9/20      AC:  2    Str:  5    XL:     3   Next: 23%
Magic:  10/10      EV: 12    Int: 20    God:
Gold:   45         SH:  0    Dex: 15    Spells: 8/9 levels left

rFire    . . .     SeeInvis .   d - +0 dagger
rCold    . . .     Faith    .   (no shield)
rNeg     . . .     Spirit   .   c - +0 robe
rPois    .         Reflect  .   (no helmet)
rElec    .         Harm     .   (no cloak)
rCorr    .         Rampage  .   (no gloves)
Will     .....                  (no boots)
Stlth    +.........             (no amulet)
HPRegen  0.06/turn              (no ring)
MPRegen  0.12/turn              (no ring)

@: confused
A: no striking features
a: no special abilities


You were on level 2 of the Dungeon.
You visited 1 branch of the dungeon, and saw 2 of its levels.

You collected 45 gold pieces.

Inventory:

Hand Weapons
 d - a +0 dagger (weapon)
Missiles
 b - 84 stones
Armour
 c - a +0 robe (worn)
Scrolls
 a - a scroll of enchant armour {unknown}
 e - 2 scrolls of identify {unknown}
 f - a scroll of teleportation {unknown}
 g - a scroll of enchant weapon {unknown}


   Skills:
 * Level 1.6 Fighting
 - Level 2.4 Dodging
 - Level 2.4 Stealth
 + Level 3.6 Spellcasting
 - Level 1.1 Transmutations
 + Level 3.7 Earth Magic


You had 8 spell levels left.
You knew the following spells:

 Your Spells              Type           Power      Damage    Failure   Level
a - Sandblast             Erth           36%        2d10      3%          1

Your spell library contained the following spells:

 Spells                   Type           Power      Damage    Failure   Level
 Passwall                 Tmut/Erth      10%        N/A       8%          2
 Stone Arrow              Conj/Erth      22%        3d8       19%         3
 Petrify                  Tmut/Erth      13%        N/A       45%         4
 Lee's Rapid Deconstruct  Erth           9%         3d8*      63%         5


Dungeon Overview and Level Annotations

Branches:
Dungeon (2/15)

Altars:

Annotations:
D:2 Sigmund


Message History

You kill the dart slug!
Casting: Sandblast (safe; 3% risk of failure)
Confirm with . or Enter, or press ? or * to list all spells.
You can't see any susceptible monsters within range! (Use Z to cast anyway.)
You see here a dart slug corpse.
A kobold comes into view. It is wielding a +0 short sword.
A kobold is nearby!
A kobold is nearby!
Sigmund the Dreaded comes into view.
He is wielding a +0 scythe.
The kobold hits you with a +0 short sword!
You barely miss the kobold. The kobold barely misses you.
You hit the kobold but do no damage.
Sigmund shouts!
The kobold closely misses you.
Casting: Sandblast (safe; 3% risk of failure)
Confirm with . or Enter, or press ? or * to list all spells.
Aiming: Sandblast (safe; 3% risk of failure)
Press: ? - help, Shift-Dir - straight line, f - kobold
Aim: a kobold, wielding a +0 short sword (26% to evade)
The blast of sand hits the kobold!
You kill the kobold!
Sigmund says, "Your kind have come here before.
I understand now why.
You desire death..."
You aren't carrying any pieces of jewellery.
Unknown command.
Okay, then.
You aren't carrying any potions.
Unknown command.
Sigmund points at you and mumbles some strange words.
The puff of flame hits you!
* * * LOW HITPOINT WARNING * * *
Sigmund points at you and mumbles some strange words.
You are confused.
You aren't carrying any potions.
Unknown command.
You are too confused!
Unknown command.
You bump into the rock wall.
Sigmund hits you from afar with a +0 scythe!
Ouch! That really hurt!
You die...

## #.# #.#.#####
#.)....##########
.......##.....@....####
####....#######.@.....#
#..@.. #.##.##.#
##...## #.##.##.# ##.##
#.##.##.# #.# #....##.#
#.# #.......# ##.######
. #.# ... #.#


You could see Sigmund.

Vanquished Creatures
  An adder (D:2)
  2 dart slugs (D:2)
  A giant cockroach (D:2)
  2 goblins (D:1)
  2 hobgoblins
  2 jackals (D:1)
  4 bats
  9 kobolds
  3 rats (D:1)
26 creatures vanquished.

Notes
Turn   | Place    | Note
-------+----------+-------------------------------------------
     0 | D:1      | Johnny the Deep Elf Earth Elementalist began the quest for
                  | the Orb.
     0 | D:1      | Reached XP level 1. HP: 10/10 MP: 6/6
   452 | D:1      | Reached XP level 2. HP: 16/16 MP: 6/8
   567 | D:1      | Reached skill level 1 in Fighting
  1842 | D:2      | Reached XP level 3. HP: 17/20 MP: 7/10
  1970 | D:2      | Noticed Sigmund
  1988 | D:2      | Mangled by Sigmund

Illustrated notes

Levels and vault maps discovered:
D:1:      ebering_trefoil_3fold, layout_basic, kennysheep_nondescript
D:2:      layout_loops_corners, hangedman_decor_clover_reticule,
          kennysheep_generic_room_13, uniq_sigmund, uniq_terence

Skill      XL: |  1  2 |
---------------+-------+-----
Fighting       | 1 |  1.6
Dodging        | |  2.4
Stealth        | |  2.4
Spellcasting   | |  3.6
Transmutations | |  1.1
Earth Magic    | |  3.7

Action                   || total
-------------------------++-------
Melee: Dagger            ||    46
 Cast: Sandblast         ||    26
 Stab: Sleeping          ||     3
Armor: Robe              ||     9
Dodge: Dodged            ||    35

Table legend: (Time is in decaauts)
 A = Elapsed time spent in this place.
 B = Non-inter-level travel time spent in this place.
 C = Inter-level travel time spent in this place.
 D = Time resting spent in this place.
 E = Time spent auto-exploring this place.
 F = Levels seen in this place.
 G = Mean time per level.
                   A        B        C        D        E       F      G
               +--------+--------+--------+--------+--------+-----+--------+
         Total |   1987 |   1942 |     45 |    349 |   1410 |   2 |  993.5 |
       Dungeon |   1987 |   1942 |     45 |    349 |   1410 |   2 |  993.5 |
               +--------+--------+--------+--------+--------+-----+--------+

Top non-repeatable levels by time:
     D:1: 1640 daAuts
     D:2: 346 daAuts
